 Dungeon Sprint DCSS version 0.30-a0-918-g0ff054e9dc (webtiles) character file.

Game seed: 13761848117628720387

22400000 testman the Archmage (level 27, -12/164 (211) HPs)
             Began as a Djinni Warper on Mar 20, 2023.
             Was the Champion of Makhleb.
             Killed from afar by a wretched soul (86 damage)
             ... with a bolt of negative energy
             ... in the Dungeon (Sprint VIII: "Arena of Blood").
             The game lasted 00:27:49 (224 turns).

testman the Archmage (Djinni Warper)                 Turns: 224, Time: 00:27:50

HP:   -12/164 (211) AC:  6    Str: 10    XL:     27
Gold: 0             EV: 28    Int: 25    God:    Makhleb [******] SH:  0 Dex: 17

rFire   + + .      SeeInvis .    i - +∞ Axe of Woe
rCold   x . .      Faith    .    (shield currently unavailable)
rNeg    . . .      Spirit   .    b - +0 leather armour
rPois   ∞          Reflect  .    (no helmet)
rElec   .          Rampage  .    (no cloak)
rCorr   .          NoTele   +    (no gloves)
Will    ++...                    (boots unavailable)
Stlth   +++++++++                (no amulet)
HPRegen 0.47/turn                m - +200 ring of slaying
MPRegen 0.00/turn                l - +200 ring of slaying

@: flying, heavily drained
A: sickness immunity, fire resistance 2, cold vulnerability 1, float, innate
caster, HP casting, extra vitality 1
a: Renounce Religion, Minor Destruction, Lesser Servant of Makhleb, Major
Destruction, Greater Servant of Makhleb


You were in the Dungeon.
You worshipped Makhleb.
Makhleb was exalted by your worship.
You visited 1 branch

Inventory:

Hand Weapons
 a - a +0 hand axe
 i - the +∞ Axe of Woe (weapon)
   (You found it in the Dungeon)
Missiles
 d - 7 boomerangs of dispersal
Armour
 b - a +0 leather armour (worn)
Jewellery
 j - a +30 ring of slaying
 k - a +30 ring of slaying
 l - a +200 ring of slaying (right hand)
 m - a +200 ring of slaying (left hand)
Scrolls
 c - 2 scrolls of blinking
Potions
 e - a potion of curing
 f - a potion of heal wounds
 g - a potion of haste
 h - a potion of berserk rage


   Skills:
 O Level 27 Fighting
 O Level 27 Short Blades
 O Level 27 Long Blades
 O Level 27 Axes
 O Level 27 Maces & Flails
 O Level 27 Polearms
 O Level 27 Staves
 O Level 27 Ranged Weapons
 O Level 27 Throwing
 O Level 27 Armour
 O Level 27 Dodging
 O Level 27 Stealth
 O Level 27 Shields
 O Level 27 Unarmed Combat
 O Level 27 Spellcasting
 O Level 27 Invocations
 O Level 27 Evocations


You knew the following spells:

 Your Spells              Type           Power      Damage    Failure   Level
a - Blink                 Tloc           100%       N/A       0%          2
b - Lesser Beckoning      Tloc           100%       N/A       0%          2
c - Vhi's Electric Charg  Tloc/Air       100%       N/A       0%          3
d - Teleport Other        Tloc           100%       N/A       0%          3
e - Manifold Assault      Tloc           100%       N/A       0%          4
f - Kiss of Death         Conj/Necr      100%       2d13      0%          1
g - Scorch                Fire           100%       2d10      0%          2
h - Ignite Poison         Fire/Tmut/Pois 100%       N/A       0%          3
i - Tukima's Dance        Hex            100%       N/A       0%          3
j - Summon Forest         Summ/Tloc      53%        N/A       0%          5
k - Metabolic Englaciati  Hex/Ice        53%        N/A       0%          5
l - Starburst             Conj/Fire      53%        6d14      0%          6
m - Monstrous Menagerie   Summ           53%        N/A       0%          7
n - Enfeeble              Hex            53%        N/A       0%          7
o - Malign Gateway        Summ/Tloc      53%        N/A       0%          7
p - Borgnjor's Revivific  Necr           53%        N/A       1%          8
q - Lehudib's Crystal Sp  Conj/Erth      53%        10d12     1%          8
r - Polar Vortex          Ice            53%        N/A       1%          9
Your spell library was empty.

Dungeon Overview and Level Annotations

Branches:
Dungeon (1/1)

Altars:
Makhleb


Innate Abilities, Weirdness & Mutations

You are immune to sickness and miasma.
You are immune to poison.
Your flesh is very heat resistant. (rF++)
You are vulnerable to cold. (rC-)
You float through the air rather than walking.
You learn spells naturally, not from books.
Your magical power is your life essence.
You have superior vitality. (+4 MHP)


Message History

A fireball appears from out of thin air!
The fireball explodes!
The fireball engulfs you!! You resist.
* * * LOW HITPOINT WARNING * * *
You hear a shout! x2
A bag of meat comes into view. It is wielding a +9 war axe.
A bolt of negative energy appears from out of thin air!
The bolt of negative energy misses you.
You hear a shout! x2; You hear an angry hiss.
The scourge hisses angrily.
Okay, then.
Okay, then.
Casting: Manifold Assault (safe; 0% risk of failure)
Confirm with . or Enter, or press ? or * to list all spells.
Your body is healed in an amazingly painful way.
You hear a shout!
You feel something staring at you.
A bolt of fire appears from out of thin air!
The bolt of fire hits you!! You resist.
You hear a shout!
A dread comes into view.
A bolt of negative energy appears from out of thin air!
The bolt of negative energy hits something.
The bolt of negative energy hits you!!!!
You feel drained.
You hear a shout! x2
A fleshlord comes into view. It is wielding a +9 great mace.
A bolt of negative energy appears from out of thin air!
The bolt of negative energy misses you.
You chop something into pieces!!!!! You chop something into pieces.
Makhleb accepts your kill.
You feel better.
Reactivating autopickup.
You hear a shout! x2
The dread calls on the powers of darkness!
The fleshlord convulses!
The bag of meat convulses!
Something is bathed in an unholy light!
Your body is wracked with pain!
A bolt of negative energy appears from out of thin air!
Deactivating autopickup; reactivate with Ctrl-A.
The bolt of negative energy hits you!!!!
You feel drained.
Ouch! That really hurt!
You die...

)......)).
#)..)).)# ..
#.)...).#
..)###=).)...###)..
).))).))##.))†)).).
#.))))=))_{))))....
).....#)..).#......
......#_.<)_#......
..))..#†.)@†#......
#)).).))†_..)))..).
☼°).)..)##{)..)))).
°)†###)†)..).###)..
. #...o{))# =)
#).).=))#
°))§).))))
.○○pW)†..))
)..........


You could see a fleshlord, a dread and a bag of meat.

Vanquished Creatures
  4 molten gargoyles (D)
  33 hell knights (D)
  Sigmund (D)
  20 hell beasts (D)
  Edmund (D)
  10 royal mummies (D)
  21 great orbs of eyes (D)
  22 wraiths (D)
  Harold (D)
  23 vampire knights (D)
  65 ogres (D)
  12 two-headed ogres (D)
  14 liches (D)
  26 hydras (D)
  14 phantoms (D)
  102 orcs (D)
  3 skeletal warriors (D)
  17 sea snakes (D)
389 creatures vanquished.

Vanquished Creatures (others)
  A snaplasher vine (D)
1 creature vanquished.

Grand Total: 390 creatures vanquished

Notes
Turn   | Place    | Note
-------+----------+-------------------------------------------
     0 | D        | Found the +∞ Axe of Woe
     0 | D        | testman the Djinni Warper began the quest for the Orb.
     0 | D        | testman set off with the following spells memorised: Blink,
                  | Lesser Beckoning, Vhi's Electric Charge, Teleport Other,
                  | Manifold Assault.
     0 | D        | Reached XP level 1. HP: 18/18 MP: 0/0
     2 | D        | Noticed a bag of meat
     3 | D        | Killed a bag of meat
     4 | D        | Reached skill level 10 in Dodging
     4 | D        | Reached XP level 2. HP: 34/34 MP: 0/0
     4 | D        | Reached XP level 3. HP: 39/39 MP: 0/0
     4 | D        | Learned a level 1 spell: Kiss of Death
     4 | D        | Reached XP level 4. HP: 45/45 MP: 0/0
     4 | D        | Reached XP level 5. HP: 50/50 MP: 0/0
     4 | D        | Learned a level 2 spell: Scorch
     4 | D        | Reached XP level 6. HP: 56/56 MP: 0/0
     4 | D        | Reached XP level 7. HP: 61/61 MP: 0/0
     4 | D        | Learned a level 3 spell: Ignite Poison
     4 | D        | Reached XP level 8. HP: 67/67 MP: 0/0
     4 | D        | Reached XP level 9. HP: 72/72 MP: 0/0
     4 | D        | Learned a level 3 spell: Tukima's Dance
     4 | D        | Reached XP level 10. HP: 78/78 MP: 0/0
     4 | D        | Reached XP level 11. HP: 84/84 MP: 0/0
     4 | D        | Learned a level 5 spell: Summon Forest
     4 | D        | Became a worshipper of Makhleb the Destroyer
     5 | D        | Noticed a bag of meat
     5 | D        | Noticed a bag of meat
     6 | D        | Noticed a bag of meat
     6 | D        | Noticed a bag of meat
     8 | D        | Killed a bag of meat
     8 | D        | Killed a bag of meat
     8 | D        | Reached * piety under Makhleb
     8 | D        | Noticed a meat berserker
     8 | D        | Noticed a meat berserker
     8 | D        | Noticed a bag of meat
     9 | D        | Reached skill level 10 in Axes
     9 | D        | Reached XP level 12. HP: 90/94 MP: 0/0
     9 | D        | Reached XP level 13. HP: 95/99 MP: 0/0
     9 | D        | Learned a level 5 spell: Metabolic Englaciation
     9 | D        | Killed a bag of meat
     9 | D        | Killed a meat berserker
     9 | D        | Killed a bag of meat
     9 | D        | Reached ** piety under Makhleb
     9 | D        | Killed a meat berserker
    10 | D        | Reached skill level 15 in Fighting
    10 | D        | Reached skill level 15 in Axes
    10 | D        | Reached skill level 15 in Dodging
    10 | D        | Reached XP level 14. HP: 114/114 MP: 0/0
    10 | D        | Reached XP level 15. HP: 120/120 MP: 0/0
    10 | D        | Learned a level 6 spell: Starburst
    10 | D        | Noticed a meat berserker
    10 | D        | Noticed a meat berserker
    11 | D        | Killed a meat berserker
    11 | D        | Reached *** piety under Makhleb
    11 | D        | Killed a meat berserker
    12 | D        | Reached skill level 5 in Throwing
    12 | D        | Reached skill level 27 in Spellcasting
    12 | D        | Reached XP level 16. HP: 132/132 MP: 0/0
    12 | D        | Noticed a meat berserker
    13 | D        | Reached **** piety under Makhleb
    13 | D        | Killed a meat berserker
    13 | D        | Reached ***** piety under Makhleb
    14 | D        | Reached XP level 17. HP: 146/146 MP: 0/0
    14 | D        | Learned a level 7 spell: Monstrous Menagerie
    14 | D        | Noticed a meat berserker
    15 | D        | Killed a meat berserker
    16 | D        | Reached skill level 27 in Axes
    16 | D        | Reached XP level 18. HP: 158/158 MP: 0/0
    16 | D        | Noticed a meat berserker
    18 | D        | Killed a meat berserker
    19 | D        | Reached XP level 19. HP: 171/171 MP: 0/0
    19 | D        | Learned a level 7 spell: Enfeeble
    19 | D        | Reached ****** piety under Makhleb
    20 | D        | Reached skill level 27 in Fighting
    20 | D        | Reached skill level 15 in Armour
    20 | D        | Reached skill level 15 in Invocations
    22 | D        | Noticed a destroyer
    22 | D        | Noticed a large bag of meat
    23 | D        | Noticed a large bag of meat
    23 | D        | Killed a large bag of meat
    23 | D        | Killed a destroyer
    23 | D        | Killed a large bag of meat
    24 | D        | Reached skill level 27 in Dodging
    24 | D        | Reached XP level 20. HP: 181/181 MP: 0/0
    25 | D        | Noticed a destroyer
    26 | D        | Killed a destroyer
    29 | D        | Noticed a destroyer
    30 | D        | Killed a destroyer
    30 | D        | Noticed an eight-headed meat hydra
    31 | D        | Reached skill level 27 in Armour
    31 | D        | Reached skill level 27 in Invocations
    31 | D        | Reached XP level 21. HP: 183/187 MP: 0/0
    31 | D        | Learned a level 7 spell: Malign Gateway
    31 | D        | Killed a nine-headed meat hydra
    31 | D        | Noticed a meat berserker
    31 | D        | Noticed a meat berserker
    31 | D        | Noticed a destroyer
    32 | D        | Noticed a meat berserker
    33 | D        | Noticed a destroyer
    34 | D        | Killed a meat berserker
    34 | D        | Killed a meat berserker
    34 | D        | Killed a destroyer
    34 | D        | Noticed a meat berserker
    35 | D        | Reached skill level 27 in Throwing
    35 | D        | Reached XP level 22. HP: 194/194 MP: 0/0
    35 | D        | Noticed a destroyer
    35 | D        | Killed a destroyer
    35 | D        | Killed a meat berserker
    35 | D        | Killed a meat berserker
    36 | D        | Reached skill level 10 in Shields
    36 | D        | Reached skill level 10 in Unarmed Combat
    36 | D        | Reached skill level 10 in Evocations
    36 | D        | Reached XP level 23. HP: 201/201 MP: 0/0
    36 | D        | Learned a level 8 spell: Borgnjor's Revivification
    36 | D        | Killed a destroyer
    38 | D        | Noticed a destroyer
    38 | D        | Killed a destroyer
    39 | D        | Reached skill level 15 in Shields
    39 | D        | Reached skill level 15 in Unarmed Combat
    39 | D        | Reached skill level 15 in Evocations
    39 | D        | Reached XP level 24. HP: 208/208 MP: 0/0
    39 | D        | Noticed a destroyer
    40 | D        | Killed a destroyer
    41 | D        | Reached skill level 15 in Short Blades
    41 | D        | Reached skill level 15 in Long Blades
    41 | D        | Reached skill level 15 in Staves
    41 | D        | Reached skill level 15 in Stealth
    43 | D        | Reached skill level 15 in Maces & Flails
    43 | D        | Reached skill level 15 in Polearms
    43 | D        | Reached skill level 15 in Ranged Weapons
    44 | D        | Reached XP level 25. HP: 214/214 MP: 0/0
    44 | D        | Learned a level 8 spell: Lehudib's Crystal Spear
    47 | D        | Noticed a tyrant
    47 | D        | Killed a tyrant
    48 | D        | Reached XP level 26. HP: 221/221 MP: 0/0
    48 | D        | Noticed a large bag of meat
    49 | D        | Killed a large bag of meat
    50 | D        | Noticed a destroyer
    51 | D        | Reached XP level 27. HP: 228/228 MP: 0/0
    51 | D        | Learned a level 9 spell: Polar Vortex
    51 | D        | Noticed an accursed
    51 | D        | Killed a destroyer
    51 | D        | Killed an accursed
    52 | D        | Noticed a tyrant
    52 | D        | Killed a tyrant
    53 | D        | Noticed a large bag of meat
    53 | D        | Noticed a large bag of meat
    54 | D        | Killed a large bag of meat
    54 | D        | Killed a large bag of meat
    54 | D        | Noticed a tyrant
    54 | D        | Noticed a destroyer
    55 | D        | Reached skill level 27 in Shields
    55 | D        | Reached skill level 27 in Unarmed Combat
    55 | D        | Reached skill level 27 in Evocations
    55 | D        | Killed a destroyer
    55 | D        | Killed a tyrant
    56 | D        | Noticed an accursed
    56 | D        | Killed an accursed
    57 | D        | Reached skill level 27 in Short Blades
    57 | D        | Reached skill level 27 in Long Blades
    57 | D        | Reached skill level 27 in Polearms
    57 | D        | Reached skill level 27 in Staves
    57 | D        | Reached skill level 27 in Stealth
    58 | D        | Reached skill level 27 in Maces & Flails
    58 | D        | Reached skill level 27 in Ranged Weapons
    59 | D        | Noticed an accursed
    60 | D        | Killed an accursed
    65 | D        | Noticed a dread
    65 | D        | Killed a dread
    69 | D        | Noticed a dread
    69 | D        | Killed a dread
    69 | D        | Noticed a large bag of meat
    70 | D        | Killed a large bag of meat
    71 | D        | Noticed a meat beast
    72 | D        | Noticed a meat beast
    72 | D        | Killed a meat beast
    73 | D        | Killed a meat beast
    74 | D        | Noticed a meat beast
    74 | D        | Killed a meat beast
    75 | D        | Noticed a tyrant
    76 | D        | Killed a tyrant
    76 | D        | Noticed a meat beast
    77 | D        | Killed a meat beast
    77 | D        | Noticed a tyrant
    78 | D        | Killed a tyrant
    78 | D        | Noticed The Captor
    78 | D        | Noticed a meat beast
    79 | D        | Killed a meat beast
    79 | D        | Killed The Captor
    79 | D        | Noticed a dread
    80 | D        | Killed a dread
    82 | D        | Noticed a dread
    82 | D        | Noticed a large bag of meat
    83 | D        | Killed a dread
    83 | D        | Killed a large bag of meat
    85 | D        | Noticed a meat beast
    85 | D        | Noticed a meat beast
    85 | D        | Noticed an accursed
    86 | D        | Killed a meat beast
    86 | D        | Killed a meat beast
    86 | D        | Killed an accursed
    88 | D        | Noticed a meat beast
    89 | D        | Killed a meat beast
    90 | D        | Noticed a meat beast
    91 | D        | Killed a meat beast
    92 | D        | Noticed a destroyer
    92 | D        | Noticed a destroyer
    93 | D        | Killed a destroyer
    93 | D        | Killed a destroyer
    93 | D        | Noticed a destroyer
    94 | D        | Killed a destroyer
    95 | D        | Noticed an accursed
    95 | D        | Killed an accursed
    95 | D        | Noticed an accursed
    96 | D        | Killed an accursed
    96 | D        | Noticed an accursed
    96 | D        | Noticed a tyrant
    97 | D        | Killed a tyrant
    97 | D        | Killed an accursed
    97 | D        | Noticed a meat beast
    98 | D        | Killed a meat beast
   100 | D        | Noticed a tyrant
   101 | D        | Killed a tyrant
   103 | D        | Noticed an accursed
   104 | D        | Killed an accursed
   104 | D        | Noticed a meat beast
   105 | D        | Killed a meat beast
   105 | D        | Noticed a tyrant
   105 | D        | Noticed a dread
   106 | D        | Killed a tyrant
   106 | D        | Killed a dread
   108 | D        | Noticed a destroyer
   108 | D        | Killed a destroyer
   109 | D        | Noticed a tyrant
   110 | D        | Killed a tyrant
   110 | D        | Noticed a tyrant
   110 | D        | Noticed an accursed
   110 | D        | Noticed a large bag of meat
   111 | D        | Killed a tyrant
   111 | D        | Killed an accursed
   111 | D        | Killed a large bag of meat
   111 | D        | Noticed a fleshlord
   112 | D        | Killed a fleshlord
   113 | D        | Noticed a dread
   114 | D        | Killed a dread
   117 | D        | Noticed a tyrant
   118 | D        | Killed a tyrant
   118 | D        | Noticed a fleshlord
   119 | D        | Killed a fleshlord
   119 | D        | Noticed a meat beast
   119 | D        | Noticed a fleshlord
   120 | D        | Killed a meat beast
   120 | D        | Killed a fleshlord
   121 | D        | Noticed a fleshlord
   122 | D        | Killed a fleshlord
   124 | D        | Noticed a meat beast
   125 | D        | Killed a meat beast
   125 | D        | Noticed a fleshlord
   126 | D        | Killed a fleshlord
   126 | D        | Noticed a fleshlord
   127 | D        | Killed a fleshlord
   129 | D        | Noticed a fleshlord
   130 | D        | Noticed a fleshlord
   131 | D        | Killed a fleshlord
   131 | D        | Killed a fleshlord
   131 | D        | Noticed a fleshlord
   131 | D        | Noticed a fleshlord
   132 | D        | Noticed a fleshlord
   132 | D        | Noticed a large bag of meat
   133 | D        | Killed a large bag of meat
   133 | D        | Killed a fleshlord
   133 | D        | Noticed a fleshlord
   133 | D        | Noticed an accursed
   134 | D        | Killed a fleshlord
   134 | D        | Killed a fleshlord
   134 | D        | Killed an accursed
   134 | D        | Noticed a fleshlord
   134 | D        | Noticed a fleshlord
   134 | D        | Noticed a dread
   135 | D        | Killed a dread
   135 | D        | Killed a fleshlord
   135 | D        | Killed a fleshlord
   135 | D        | Killed a fleshlord
   136 | D        | Noticed The Servant
   136 | D        | Noticed a fleshlord
   137 | D        | Noticed a fleshlord
   137 | D        | Killed a fleshlord
   137 | D        | Killed a fleshlord
   139 | D        | Killed The Servant
   139 | D        | Noticed a destroyer
   140 | D        | Killed a destroyer
   145 | D        | Noticed a meat beast
   146 | D        | Killed a meat beast
   146 | D        | Noticed a large bag of meat
   147 | D        | Killed a large bag of meat
   148 | D        | Noticed a destroyer
   149 | D        | Killed a destroyer
   149 | D        | Noticed a tyrant
   150 | D        | Killed a tyrant
   152 | D        | Noticed The Defiler
   152 | D        | Noticed a dread
   153 | D        | Killed The Defiler
   153 | D        | Killed a dread
   154 | D        | Noticed a fleshlord
   154 | D        | Noticed a meat beast
   155 | D        | Killed a fleshlord
   155 | D        | Killed a meat beast
   157 | D        | Noticed a destroyer
   158 | D        | Noticed a large bag of meat
   159 | D        | Killed a destroyer
   159 | D        | Killed a large bag of meat
   159 | D        | Noticed a meat beast
   160 | D        | Noticed a fleshlord
   160 | D        | Killed a meat beast
   160 | D        | Killed a fleshlord
   162 | D        | Noticed a fleshlord
   163 | D        | Killed a fleshlord
   163 | D        | Noticed a tyrant
   164 | D        | Killed a tyrant
   164 | D        | Noticed a meat beast
   166 | D        | Killed a meat beast
   168 | D        | Noticed a fleshlord
   169 | D        | Killed a fleshlord
   170 | D        | Noticed a dread
   170 | D        | Killed a dread
   170 | D        | Noticed a large bag of meat
   171 | D        | Killed a large bag of meat
   173 | D        | Noticed a destroyer
   173 | D        | Noticed a fleshlord
   174 | D        | Killed a fleshlord
   174 | D        | Killed a destroyer
   174 | D        | Noticed a dread
   175 | D        | Killed a dread
   175 | D        | Noticed a destroyer
   175 | D        | Noticed a dread
   176 | D        | Killed a destroyer
   176 | D        | Killed a dread
   176 | D        | Noticed a fleshlord
   177 | D        | Killed a fleshlord
   178 | D        | Noticed a dread
   179 | D        | Killed a dread
   183 | D        | Noticed a meat beast
   184 | D        | Killed a meat beast
   190 | D        | Noticed a meat beast
   191 | D        | Noticed a fleshlord
   191 | D        | Killed a meat beast
   191 | D        | Killed a fleshlord
   191 | D        | Noticed a fleshlord
   192 | D        | Killed a fleshlord
   196 | D        | Noticed a dread
   196 | D        | Killed a dread
   199 | D        | Noticed a destroyer
   199 | D        | Noticed a dread
   200 | D        | Killed a dread
   200 | D        | Killed a destroyer
   200 | D        | Noticed a dread
   201 | D        | Noticed a dread
   201 | D        | Killed a dread
   201 | D        | Killed a dread
   201 | D        | Noticed a destroyer
   202 | D        | Killed a destroyer
   204 | D        | Noticed a meat beast
   204 | D        | Noticed a fleshlord
   205 | D        | Killed a fleshlord
   205 | D        | Killed a meat beast
   206 | D        | Noticed a vile
   206 | D        | Killed a vile
   208 | D        | Noticed a fleshlord
   208 | D        | Killed a fleshlord
   209 | D        | Noticed a dread
   210 | D        | Killed a dread
   211 | D        | Noticed a fleshlord
   211 | D        | Killed a fleshlord
   211 | D        | Noticed a vile
   212 | D        | Killed a vile
   213 | D        | Noticed a destroyer
   214 | D        | Noticed a dread
   214 | D        | Noticed a fleshlord
   215 | D        | Noticed a tyrant
   215 | D        | Noticed a vile
   215 | D        | Noticed a vile
   215 | D        | Noticed a dread
   215 | D        | Killed a fleshlord
   215 | D        | Killed a dread
   215 | D        | Killed a destroyer
   215 | D        | Killed a vile
   215 | D        | Noticed a fleshlord
   215 | D        | Noticed a destroyer
   216 | D        | Noticed a fleshlord
   216 | D        | Killed a destroyer
   216 | D        | Killed a fleshlord
   216 | D        | Killed a tyrant
   216 | D        | Noticed a fleshlord
   216 | D        | Noticed a fleshlord
   217 | D        | Killed a fleshlord
   217 | D        | Killed a dread
   217 | D        | Killed a fleshlord
   217 | D        | Killed a fleshlord
   217 | D        | Noticed a dread
   217 | D        | Noticed a fleshlord
   217 | D        | Noticed a dread
   218 | D        | Killed a dread
   218 | D        | Killed a dread
   218 | D        | Killed a fleshlord
   218 | D        | Killed a vile
   221 | D        | Noticed a dread
   222 | D        | Killed a dread
   223 | D        | Noticed a dread
   223 | D        | Noticed a fleshlord
   224 | D        | Killed from afar by a wretched soul

Illustrated notes

Levels and vault maps discovered:
D:        meatsprint

Skill      XL: |  1  2  3  4  5  6  7  8  9 10 11 12 13 14 15 16 17 18 19 20 21 22 23 24 25 26 27 |
---------------+----------------------------------------------------------------------------------+-----
Fighting       | 9 11 15 18 21 23 25 27 | 27.0
Axes           | 7 10 15 19 24 27 | 27.0
Throwing       | 3 4 5 8 27 | 27.0
Armour         | 3 4 12 22 27 | 27.0
Dodging        | 10 12 15 17 19 20 23 27 | 27.0
Spellcasting   | 16 19 24 27 | 27.0
Invocations    | 12 22 27 | 27.0
Short Blades   | 9 14 17 20 22 27 | 27.0
Long Blades    | 9 14 17 20 22 27 | 27.0
Maces & Flails | 8 13 16 18 20 27 | 27.0
Polearms       | 8 13 16 18 20 27 | 27.0
Staves         | 9 14 17 20 22 27 | 27.0
Ranged Weapons | 8 13 16 18 20 27 | 27.0
Stealth        | 9 14 17 20 22 27 | 27.0
Shields        | 10 15 19 22 24 27 | 27.0
Unarmed Combat | 10 15 19 22 24 27 | 27.0
Evocations     | 10 15 19 22 24 27 | 27.0

Action                     |  1- 3 |  4- 6 |  7- 9 | 10-12 | 13-15 | 16-18 | 19-21 | 22-24 | 25-27 || total
---------------------------+-------+-------+-------+-------+-------+-------+-------+-------+-------++-------
  Melee: Executioner's axe |     1 |       |       |     2 |     8 |    11 |    15 |    20 |   314 ||   371
   Cast: Manifold Assault  |       |       |       |     1 |     2 |     3 |     5 |     8 |   134 ||   153
         Monstrous Menager |       |       |       |       |       |       |       |     1 |     9 ||    10
         Summon Forest     |       |       |       |       |       |       |       |       |     2 ||     2
         Lehudib's Crystal |       |       |       |       |       |       |       |       |     1 ||     1
         Borgnjor's Revivi |       |       |       |       |       |       |       |       |     1 ||     1
         Metabolic Englaci |       |       |       |       |       |       |       |       |     1 ||     1
         Polar Vortex      |       |       |       |       |       |       |       |       |     1 ||     1
 Armour: Leather armour    |       |       |       |       |       |       |       |       |     9 ||     9
  Dodge: Dodged            |       |       |       |       |       |       |       |       |    41 ||    41

Table legend: (Time is in decaauts)
 A = Elapsed time spent in this place.
 B = Non-inter-level travel time spent in this place.
 C = Inter-level travel time spent in this place.
 D = Time resting spent in this place.
 E = Time spent auto-exploring this place.
 F = Levels seen in this place.
 G = Mean time per level.
                   A        B        C        D        E       F      G
               +--------+--------+--------+--------+--------+-----+--------+
         Total |    201 |    200 |      1 |      0 |      0 |   1 |  201.0 |
       Dungeon |    201 |    200 |      1 |      0 |      0 |   1 |  201.0 |
               +--------+--------+--------+--------+--------+-----+--------+

Top non-repeatable levels by time:
       D: 201 daAuts
